 Dungeon Crawl Stone Soup version 0.31-a0-166-g46f44d267d (webtiles) character file.

Game seed: 2379706180377939335

175 Morbidden the Stinger (level 5, -4/40 HPs)
             Began as a Draconian Venom Mage on June 14, 2023.
             Slain by Pikel
             ... wielding a +1 whip of freezing
              (7 damage)
             ... on level 4 of the Dungeon.
             The game lasted 00:04:31 (2931 turns).

Morbidden the Stinger (Draconian Venom Mage)        Turns: 2931, Time: 00:04:31

Health: -4/40      AC: 15    Str:  9 (10) XL:     5   Next: 29%
Magic:  4/8        EV: 12    Int: 15 (18) God:
Gold:   147        SH:  0    Dex:  8 (11) Spells: 2/9 levels left

rFire   . . .        b - +1 short sword (protect)
rCold   . . .        (no shield)
rNeg    . . .        (body armour unavailable)
rPois   .            (helmet restricted)
rElec   .            (no cloak)
rCorr   .            h - +2 pair of gloves
SInv    .            (no boots)
Will    .....        (no amulet)
Stlth   ++           (no ring)
HPRegen 0.26/turn    (no ring)
MPRegen 0.11/turn

%: no passive effects
@: under a protective aura, hasted, invisible, very quick
A: AC +5, unfitting armour, cold-blooded, claws 1, evolution 1
a: no special abilities


You were on level 4 of the Dungeon.
You visited 1 branch of the dungeon, and saw 4 of its levels.

You collected 147 gold pieces.

Inventory:

Hand Weapons
 a - a +2 short sword of flaming
 b - a +1 short sword of protection (weapon)
 o - a +4 short sword
Armour
 h - a +2 pair of gloves (worn)
Wands
 q - a wand of flame (21)
Scrolls
 d - 5 scrolls of identify {unknown}
 f - a scroll of fear {unknown}
 g - a scroll of noise {unknown}
 i - a scroll of teleportation {unknown}
 j - 4 scrolls of enchant weapon {unknown}
 k - 2 scrolls of revelation {unknown}
Potions
 e - 2 potions of magic
 m - a potion of invisibility


   Skills:
 * Level 1.6 Fighting
 * Level 1.7 Short Blades
 * Level 2.3 Dodging
 * Level 2.2 Stealth
 + Level 0.8 Unarmed Combat
 * Level 2.5 Spellcasting
 * Level 1.7 Transmutations
 * Level 0.7 Air Magic
 * Level 3.8 Poison Magic


You had 2 spell levels left.
You knew the following spells:

 Your Spells              Type           Power      Damage    Failure   Level
a - Sting                 Tmut/Pois      40%        1d5       7%          1
b - Poisonous Vapours     Pois/Air       16%        N/A       12%         2
c - Olgreb's Toxic Radia  Pois           13%        N/A       41%         4

Your spell library contained the following spells:

 Spells                   Type           Power      Damage    Failure   Level
 Mephitic Cloud           Conj/Pois/Air  6%         N/A       34%         3


Dungeon Overview and Level Annotations

Branches:
Dungeon (4/15)
 Temple: D:4-7

Altars:
Yredelemnul

Shops:
D:2 [

Annotations:
D:4 Pikel


Innate Abilities, Weirdness & Mutations

Your plain brown scales are hard. (AC +5)
You cannot fit into any form of body armour.
You are cold-blooded and may be slowed by cold attacks.
You have sharp fingernails.
You have hidden genetic potential.


Message History

Unknown command.
Casting: Sting (safe; 7% risk of failure)
Confirm with . or Enter, or press ? or * to list all spells.
Aiming: Sting (safe; 7% risk of failure)
Press: ? - help, Shift-Dir - straight line, f/p - Pikel
Aim: Pikel, wielding a +1 whip of freezing and wearing a +0 robe (heavily wounded, unable to see you, very poisoned, 64% to hit)
The sting hits Pikel.
Pikel looks even sicker.
Pikel is heavily wounded.
Pikel barely misses you.
Unknown command.
Casting: Sting (safe; 7% risk of failure)
Confirm with . or Enter, or press ? or * to list all spells.
Aiming: Poisonous Vapours (safe; 12% risk of failure)
Press: ? - help, Dir - move target, f/p - Pikel
Aim: Pikel, wielding a +1 whip of freezing and wearing a +0 robe (heavily wounded, unable to see you, very poisoned) Poisonous vapours surround Pikel!
Pikel looks as sick as possible!
Pikel hits you with a +1 whip of freezing.
* * * LOW HITPOINT WARNING * * *
You feel yourself slow down. Pikel freezes you.
* * * LOW HITPOINT WARNING * * *
Unknown command.
Unknown command.
Okay, then.
Unknown command.
You catch the helpless Pikel completely off-guard!
You hit Pikel but do no damage.
Pikel is heavily wounded.
Pikel closely misses you.
Unknown command.
Unknown command.
You hit Pikel but do no damage.
Pikel is heavily wounded.
You feel yourself speed up.
Unknown command.
Unknown command.
Unknown command.
You barely miss Pikel.
Pikel is heavily wounded.
Pikel hits you with a +1 whip of freezing!
You die...

#..~~~..#.....# #.#####..
#~≈~≈~~..>.#### #.# ##.
.#~.~~≈...†).#### #.
...~~~~........... #.
#..~~≈..#.####### ##
#~~~≈~....####### #
...~~~≈~..55...... ###
##)~~~~~.#K#######.######..
#.~~..~?#@# #...>.....
#~~~≈~##### ########..
#~~≈~~ ### #.~~≈~ #######
#..~≈≈ #...... ##~~~
#.#####


You could see Pikel (unable to see you, very poisoned) and 2 lemures.

Vanquished Creatures
  2 lemures
  A sleepcap (D:4)
  Ijyb (D:3)
  Robin (D:2)
  3 adders
  A gnoll (D:1)
  3 dart slugs
  6 endoplasms
  4 giant cockroaches
  12 goblins
  8 hobgoblins
  3 jackals (D:1)
  7 kobolds
  3 quokkas
  3 ball pythons
  4 bats
  2 frilled lizards (D:1)
  A rat (D:2)
65 creatures vanquished.

Notes
Turn   | Place    | Note
-------+----------+-------------------------------------------
     0 | D:1      | Morbidden the Draconian Venom Mage began the quest for the
                  | Orb.
     0 | D:1      | Reached XP level 1. HP: 14/14 MP: 3/3
   106 | D:1      | Reached XP level 2. HP: 20/20 MP: 0/5
   609 | D:1      | Learned a level 2 spell: Poisonous Vapours
   663 | D:1      | Reached XP level 3. HP: 20/27 MP: 1/6
   924 | D:2      | Noticed Robin
   957 | D:2      | Killed Robin
   958 | D:2      | Reached skill level 1 in Short Blades
  1113 | D:2      | Reached skill level 1 in Fighting
  1165 | D:2      | Found a faded altar of an unknown god.
  1191 | D:2      | Found Tiuwomon's Antique Armour Shoppe.
  1206 | D:2      | Reached XP level 4. HP: 35/35 MP: 3/7
  1419 | D:2      | Identified the +0 robe of Ighemeimm {SInv}
  2130 | D:3      | Noticed Ijyb
  2141 | D:3      | Killed Ijyb
  2373 | D:3      | Learned a level 4 spell: Olgreb's Toxic Radiance
  2416 | D:4      | Reached XP level 5. HP: 40/40 MP: 0/8
  2538 | D:4      | Noticed a lemure
  2539 | D:4      | Noticed a lemure
  2540 | D:4      | Noticed a lemure
  2565 | D:3      | Killed a lemure
  2670 | D:4      | Killed a lemure
  2785 | D:4      | Found a basalt altar of Yredelemnul.
  2885 | D:4      | Noticed a lemure
  2885 | D:4      | Noticed Pikel
  2918 | D:4      | Gained mutation: You are weak. (Str -2) [potion of
                  | mutation]
  2918 | D:4      | Gained mutation: You have hidden genetic defects. [potion
                  | of mutation]
  2925 | D:4      | Lost mutation: You are weak. (Str -2) [potion of mutation]
  2925 | D:4      | Lost mutation: You have hidden genetic defects. [potion of
                  | mutation]
  2925 | D:4      | Gained mutation: You have sharp fingernails. [potion of
                  | mutation]
  2925 | D:4      | Gained mutation: You have hidden genetic potential. [potion
                  | of mutation]
  2928 | D:4      | HP: 2/40 [Pikel/+1 whip of freezing (1)]
  2931 | D:4      | Slain by Pikel

Illustrated notes

Levels and vault maps discovered:
D:1:      dpeg_arrival_simpleton_a, layout_basic
D:2:      layout_rooms, serial_shops, shop, basic_ecumenical_altar,
          chequers_serial_rivers_micro_c, uniq_robin
D:3:      layout_loops_cross, uniq_ijyb
D:4:      layout_loops_ring, yredelemnul_altar_generic, grunt_dithmenos_smoke,
          serial_rivers, chequers_serial_rivers_marsh,
          chequers_serial_rivers_micro_b, chequers_serial_rivers_micro_c,
          chequers_serial_rivers_small_3, chequers_serial_rivers_large_a,
          uniq_pikel

Skill      XL: |  1  2  3 |
---------------+----------+-----
Dodging        | 2 |  2.3
Short Blades   | 1 |  1.7
Stealth        | 2 |  2.2
Fighting       | 1 |  1.6
Unarmed Combat | |  0.8
Spellcasting   | |  2.5
Transmutations | |  1.7
Air Magic      | |  0.7
Poison Magic   | |  3.8

Action                     |  1- 3 |  4- 6 || total
---------------------------+-------+-------++-------
  Melee: Unarmed           |    16 |       ||    16
         Tailslap          |     7 |    14 ||    21
         Short sword       |    54 |   101 ||   155
         Punch             |     2 |     1 ||     3
   Cast: Sting             |    24 |    24 ||    48
         Poisonous Vapours |     3 |    18 ||    21
    Use: Potion            |       |     7 ||     7
   Stab: Sleeping          |     2 |     2 ||     4
         Invisible         |       |     2 ||     2
 Armour: Skin              |    53 |    40 ||    93
  Dodge: Dodged            |    73 |    68 ||   141

Table legend: (Time is in decaauts)
 A = Elapsed time spent in this place.
 B = Non-inter-level travel time spent in this place.
 C = Inter-level travel time spent in this place.
 D = Time resting spent in this place.
 E = Time spent auto-exploring this place.
 F = Levels seen in this place.
 G = Mean time per level.
                   A        B        C        D        E       F      G
               +--------+--------+--------+--------+--------+-----+--------+
         Total |   2927 |   2813 |    114 |    219 |   2057 |   4 |  731.8 |
       Dungeon |   2927 |   2813 |    114 |    219 |   2057 |   4 |  731.8 |
               +--------+--------+--------+--------+--------+-----+--------+

Top non-repeatable levels by time:
     D:1: 1040 daAuts
     D:3: 809 daAuts
     D:2: 591 daAuts
     D:4: 486 daAuts
